Map: Catalyst LE

Players

RagnaroK (SHIN)

  • Race: Zerg Zerg
  • Spawn Location: 5:00

Patience - Winner!

  • Race: Protoss Protoss
  • Spawn Location: 11:00

Event: IEM Season 12 - Katowice

VOD

Have the link to the VOD?

Description

Time

  • Played on: Feb. 27, 2018, 10:16 a.m.
  • Length: 18:47

All games in this series

Show
View Real Time Build Order
Export as new Build Order

RagnaroK Zerg 

Build Orders: Hatch First, Brood Lord Corruptor, Lurkers, Roach Hydra 

Get SALT Encoding   

  12  0:00  Drone  
  13  0:08  Drone  
  14  0:18  Overlord  
  14  0:22  Extractor  
  14  0:24  Drone  
  15  0:36  Drone  
  16  0:51  Drone  
  16  0:56  Drone  
  18  0:58  Drone  
  19  1:06  Extractor, Hatchery  
  19  1:11  Drone  
  18  1:20  Spawning Pool  
  18  1:22  Drone  
  18  1:28  Drone  
  19  1:37  Overlord  
  19  2:06  Zergling x2  
  19  2:07  Queen, Zergling x2  
  23  2:08  Metabolic Boost  
  23  2:11  Zergling x2  
  24  2:17  Queen  
  24  2:18  Drone  
  24  2:21  Zergling x2  
  28  2:29  Drone  
  29  2:44  Hatchery  
  29  2:47  Baneling Nest  
  29  2:50  Drone  
  28  2:56  Overlord  
  28  3:02  Overlord  
  28  3:17  Drone x4  
  28  3:18  Drone  
  33  3:20  Drone  
  33  3:24  Drone  
  35  3:27  Drone  
  35  3:31  Drone  
  37  3:35  Drone  
  37  3:36  Drone  
  37  3:38  Drone  
  40  3:43  Drone  
  40  3:48  Drone, Zergling x2  
  43  3:51  Overlord  
  43  3:58  Queen  
  43  4:02  Spore Crawler  
  44  4:05  Spore Crawler  
  44  4:06  Spore Crawler  
  42  4:10  Drone x2  
  42  4:12  Drone  
  42  4:14  Drone  
  42  4:15  Drone  
  47  4:17  Drone  
  47  4:21  Drone x2  
  47  4:24  Drone  
  47  4:27  Drone  
  47  4:28  Drone  
  47  4:30  Drone  
  50  4:32  Drone  
  50  4:34  Drone  
  50  4:36  Drone  
  53  4:40  Drone x2  
  53  4:45  Lair  
  54  4:48  Overlord  
  54  4:52  Overlord  
  54  4:56  Overlord  
  53  5:03  Roach Warren  
  52  5:08  Drone x2  
  52  5:09  Drone x4  
  52  5:11  Drone x2  
  52  5:12  Queen  
  62  5:19  Drone x2  
  62  5:20  Drone x3  
  64  5:21  Drone  
  64  5:27  Drone  
  62  5:32  Zergling x8  
  62  5:34  Overlord  
  62  5:35  Drone  
  67  5:38  Extractor  
  67  5:39  Drone, Extractor  
  67  5:40  Evolution Chamber  
  67  5:42  Drone x4  
  68  5:46  Glial Reconstitution  
  68  5:47  Hydralisk Den  
  67  5:53  Drone  
  67  5:54  Drone x3  
  67  5:55  Drone  
  72  5:57  Overlord x2  
  72  6:01  Extractor x2  
  70  6:05  Zerg Missile Weapons Level 1  
  70  6:06  Drone  
  70  6:09  Drone x2  
  70  6:10  Drone x2  
  75  6:12  Drone  
  75  6:14  Drone x2, Overlord  
  75  6:18  Grooved Spines  
  77  6:19  Hydralisk x2  
  81  6:25  Hydralisk  
  81  6:26  Hydralisk  
  85  6:33  Hydralisk  
  85  6:34  Hydralisk  
  85  6:35  Overlord  
  89  6:41  Hydralisk  
  89  6:43  Hydralisk  
  89  6:46  Overlord  
  93  6:49  Hatchery  
  93  6:51  Roach x4  
  100  6:55  Roach, Zergling x4  
  100  6:58  Overlord  
  104  7:03  Roach x3  
  104  7:04  Overseer  
  110  7:10  Roach x2, Zergling x6  
  110  7:13  Overlord  
  117  7:19  Roach, Lurker Den, Zergling x6  
  121  7:23  Roach x2  
  121  7:24  Overlord  
  121  7:27  Overlord  
  125  7:32  Roach x3  
  131  7:38  Roach, Zergling x2, Muscular Augments  
  134  7:45  Overlord  
  134  7:47  Roach x2  
  134  7:48  Roach  
  140  7:52  Roach x4, Zergling x2  
  140  7:58  Roach, Hydralisk  
  149  8:00  Overlord  
  149  8:01  Overlord  
  149  8:04  Zergling x2  
  149  8:05  Roach  
  155  8:09  Roach  
  156  8:13  Roach x2  
  156  8:18  Roach, Zergling x2  
  156  8:19  Zergling x4  
  165  8:20  Ravager x2  
  165  8:22  Roach  
  169  8:28  Roach x2  
  169  8:29  Roach  
  171  8:36  Roach x2, Zergling x6  
  180  8:41  Roach, Zergling x2  
  180  8:44  Drone x2  
  180  8:47  Drone, Overlord x2  
  180  8:48  Overlord  
  184  8:49  Overlord  
  184  8:50  Overlord  
  184  8:53  Overlord  
  184  8:54  Drone  
  182  8:55  Drone  
  182  8:56  Drone  
  165  9:05  Hydralisk x5  
  165  9:07  Zergling x2  
  175  9:11  Zergling x2  
  170  9:17  Hydralisk x2  
  170  9:20  Hydralisk x2  
  170  9:22  Hydralisk x2, Zergling x2  
  170  9:23  Zergling x4  
  171  9:27  Hydralisk  
  168  9:32  Queen  
  168  9:33  Drone x3  
  166  9:40  Zerg Missile Weapons Level 2  
  166  9:41  Extractor  
  166  9:42  Lurker x2  
  166  9:44  Drone x4, Extractor  
  166  9:45  Extractor  
  169  9:48  Zergling x2  
  169  9:49  Overseer, Lurker  
  171  9:53  Zergling x2  
  171  9:55  Hydralisk  
  171  9:56  Zergling x2  
  176  10:00  Zergling x2, Lurker  
  176  10:01  Overlord  
  176  10:03  Hydralisk  
  176  10:04  Zergling x2  
  176  10:05  Zergling x2  
  175  10:10  Drone  
  175  10:11  Lurker  
  175  10:13  Zergling x12  
  175  10:14  Zergling x4  
  185  10:16  Zergling x2  
  185  10:20  Drone x3  
  185  10:21  Drone, Infestation Pit  
  183  10:22  Lurker  
  183  10:27  Lurker  
  185  10:31  Drone x2, Hydralisk  
  185  10:32  Zergling x2  
  185  10:33  Spore Crawler  
  185  10:34  Spore Crawler  
  184  10:37  Spore Crawler  
  184  10:38  Lurker x2  
  184  10:41  Spore Crawler, Drone x2, Zergling x2  
  184  10:42  Lurker  
  188  10:43  Zergling x2  
  188  10:44  Zergling x10  
  194  10:54  Hatchery, Lurker x2  
  195  10:58  Hive  
  195  11:01  Drone  
  195  11:03  Drone x2, Zergling x4  
  199  11:05  Overlord x2  
  199  11:07  Overlord  
  198  11:11  Drone x2  
  198  11:16  Spire  
  199  11:23  Zergling x2  
  200  11:25  Overseer  
  196  11:45  Zergling x4  
  196  11:46  Zergling x2  
  199  11:48  Zergling x2  
  198  12:01  Zergling x2  
  198  12:05  Zergling x4  
  198  12:06  Zergling x4  
  189  12:08  Zergling x2  
  189  12:11  Zergling x4  
  189  12:12  Zergling x6  
  187  12:18  Zerg Ground Armor Level 1  
  187  12:19  Queen, Adaptive Talons  
  187  12:20  Drone x2  
  187  12:21  Drone  
  180  12:23  Zergling x4  
  180  12:25  Drone  
  180  12:26  Zergling x2  
  180  12:27  Viper x3  
  180  12:28  Zergling x2, Viper x3  
  180  12:29  Zergling x8  
  198  12:30  Zergling x4  
  198  12:31  Zergling x2  
  198  12:34  Zergling x4  
  198  12:36  Drone x2  
  198  12:37  Drone  
  198  12:41  Zergling x2  
  198  12:42  Zergling x2  
  196  12:46  Zergling x4  
  196  12:52  Drone x3  
  196  12:56  Zergling x2  
  196  12:58  Zergling x8  
  195  12:59  Zergling x4  
  195  13:00  Zergling x2  
  199  13:11  Greater Spire  
  199  13:22  Drone  
  200  13:27  Evolution Chamber, Zergling x2  
  200  13:28  Zergling x2  
  200  13:29  Zergling x2  
  200  13:30  Corruptor  
  200  13:33  Extractor  
  199  13:36  Corruptor, Extractor  
  199  13:38  Corruptor  
  199  13:41  Corruptor x5  
  188  13:42  Corruptor x4  
  188  13:43  Corruptor  
  188  13:44  Corruptor x2, Zergling x4  
  188  13:46  Zergling x8  
  188  13:47  Zergling x4  
  193  13:49  Zergling x2  
  169  13:58  Drone x3, Corruptor  
  169  13:59  Drone  
  169  14:01  Drone x2  
  177  14:04  Zerg Melee Weapons Level 1  
  177  14:07  Drone x2  
  178  14:25  Brood Lord x4  
  178  14:27  Brood Lord  
  178  14:28  Drone x2  
  178  14:30  Zergling x18  
  199  14:34  Brood Lord  
  195  14:39  Brood Lord  
  195  14:43  Drone  
  198  14:45  Spine Crawler  
  198  14:52  Zerg Flyer Weapons Level 1  
  197  14:55  Drone  
  197  14:57  Spine Crawler  
  197  14:59  Zerg Missile Weapons Level 3  
  197  15:00  Corruptor  
  197  15:05  Corruptor  
  197  15:22  Spine Crawler x3  
  197  15:28  Brood Lord x5  
  191  15:30  Brood Lord  
  195  15:38  Corruptor x2  
  199  15:45  Drone x2  
  199  15:47  Drone  
  197  15:50  Spine Crawler x2  
  197  15:52  Spine Crawler  
  197  15:54  Spine Crawler  
  197  15:56  Drone x3  
  196  16:03  Zerg Melee Weapons Level 2  
  196  16:05  Corruptor  
  196  16:06  Corruptor  
  197  16:19  Overseer  
  197  16:20  Overseer x5, Pneumatized Carapace  
  192  16:43  Corruptor x6  
  180  17:04  Corruptor  
  180  17:05  Corruptor x4, Zergling x2  
  180  17:06  Corruptor, Zergling x10  
  180  17:08  Zergling x2  
  149  17:09  Zergling x2  
  132  17:16  Corruptor  
  132  17:17  Corruptor  
  132  17:18  Drone  
  132  17:20  Drone  
  132  17:21  Drone  
  132  17:22  Drone  
  136  17:23  Drone  
  137  17:31  Hydralisk x3  
  143  17:43  Brood Lord x2  
  147  17:44  Zergling x6  
  147  17:49  Brood Lord  
  144  17:54  Hydralisk x2  
  144  17:56  Drone  
  144  17:57  Roach  
  149  18:00  Drone x2  
  149  18:01  Zergling x2  
  149  18:04  Zergling x2  
  149  18:05  Zergling x6  
  150  18:11  Hydralisk, Zergling x2  
  150  18:12  Zergling x4  
  142  18:14  Zergling x2  
  142  18:18  Zergling x2  
  142  18:19  Zergling x2, Hydralisk  
  129  18:20  Drone  
  129  18:22  Drone  
  129  18:24  Zergling x2  
  129  18:26  Drone  
  117  18:27  Zergling x2  
Show
View Real Time Build Order
Export as new Build Order

Patience Protoss - Winner!

Build Orders: 1 Gate Expand, Oracle Opening 

Get SALT Encoding   

  12  0:00  Probe  
  13  0:12  Probe  
  14  0:17  Pylon  
  14  0:25  Probe  
  15  0:37  Probe (Chrono Boost)  
  16  0:45  Gateway  
  16  0:48  Probe (Chrono Boost)  
  17  0:51  Assimilator  
  17  0:52  Probe (Chrono Boost)  
  18  1:03  Probe  
  19  1:09  Pylon  
  19  1:15  Probe  
  20  1:33  Nexus  
  20  1:44  Cybernetics Core  
  20  1:47  Probe  
  20  1:52  Assimilator  
  21  1:59  Probe  
  22  2:09  Pylon  
  22  2:11  Probe (Chrono Boost)  
  23  2:17  Stalker (Chrono Boost)  
  26  2:23  Probe (Chrono Boost)  
  26  2:28  Warp Gate, Probe (Chrono Boost)  
  27  2:38  Probe  
  27  2:40  Adept  
  30  2:45  Stargate  
  30  2:47  Probe  
  30  2:50  Probe  
  32  2:58  Pylon  
  32  3:00  Probe  
  32  3:02  Probe  
  34  3:12  Probe  
  37  3:14  Probe  
  38  3:21  Sentry (Chrono Boost)  
  38  3:23  Pylon  
  38  3:25  Oracle (Chrono Boost)  
  38  3:27  Probe  
  42  3:37  Gateway  
  42  3:40  Pylon  
  41  3:42  Gateway  
  41  3:46  Sentry (Chrono Boost)  
  43  3:50  Shield Battery  
  43  3:54  Probe  
  43  3:55  Pylon  
  44  3:56  Probe  
  45  4:08  Probe, Oracle (Chrono Boost)  
  46  4:14  Probe  
  46  4:15  Pylon  
  50  4:19  Pylon  
  50  4:25  Probe  
  50  4:26  Probe  
  52  4:37  Probe  
  52  4:38  Probe  
  54  4:39  Assimilator  
  54  4:40  Adept  
  54  4:41  Adept, Assimilator  
  58  4:49  Probe  
  58  4:50  Probe  
  58  4:52  Robotics Facility  
  60  4:55  Forge  
  60  5:01  Probe  
  60  5:02  Probe  
  62  5:09  Nexus  
  62  5:12  Pylon  
  62  5:13  Probe  
  63  5:20  Protoss Ground Weapons Level 1 (Chrono Boost)  
  60  5:22  Probe  
  60  5:25  Probe  
  62  5:35  Gateway x2  
  62  5:37  Warp Prism (Chrono Boost)  
  62  5:39  Probe  
  65  5:44  Robotics Bay  
  65  5:49  Probe  
  66  5:51  Probe  
  66  5:53  Pylon  
  67  6:03  Gateway  
  67  6:04  Gateway  
  67  6:05  Sentry x2  
  67  6:11  Observer (Chrono Boost)  
  72  6:16  Probe  
  73  6:24  Gateway  
  74  6:25  Observer (Chrono Boost)  
  74  6:27  Twilight Council, Gateway  
  74  6:30  Pylon  
  74  6:35  Probe x2  
  74  6:36  Probe  
  77  6:41  Colossus (Chrono Boost)  
  77  6:45  Extended Thermal Lance  
  83  6:47  Probe x2  
  85  6:55  Probe  
  85  6:56  Zealot  
  85  6:57  Zealot x3  
  85  6:59  Probe  
  95  7:02  Pylon  
  95  7:04  Blink (Chrono Boost)  
  95  7:07  Protoss Ground Weapons Level 2 (Chrono Boost)  
  95  7:12  Probe  
  95  7:13  Probe x2  
  98  7:16  Pylon  
  98  7:21  Colossus (Chrono Boost)  
  104  7:33  Shield Battery  
  104  7:38  Assimilator  
  104  7:42  Stalker x4, Assimilator  
  104  7:43  Stalker  
  114  7:49  Stalker  
  114  7:50  Zealot, Observer  
  114  7:51  Zealot  
  120  8:00  Probe  
  120  8:01  Probe x2  
  120  8:03  Robotics Facility  
  121  8:06  Immortal (Chrono Boost)  
  126  8:21  Photon Cannon  
  126  8:22  Photon Cannon  
  125  8:30  Pylon  
  123  8:40  Stalker x6  
  123  8:41  Stalker x2  
  139  8:46  Immortal (Chrono Boost)  
  139  8:50  Immortal (Chrono Boost)  
  145  9:06  Stalker  
  145  9:07  Stalker x2  
  145  9:22  Adept x4  
  145  9:23  Stalker  
  132  9:31  Pylon  
  132  9:33  Pylon  
  132  9:35  Pylon  
  132  9:36  Immortal (Chrono Boost)  
  140  9:39  Protoss Ground Weapons Level 3 (Chrono Boost)  
  140  9:47  Charge (Chrono Boost)  
  140  9:51  Observer  
  140  9:54  Probe x3  
  140  9:57  Photon Cannon  
  143  10:00  Immortal (Chrono Boost)  
  143  10:02  Zealot x3  
  149  10:18  Immortal (Chrono Boost)  
  151  10:37  Photon Cannon  
  151  10:41  Immortal (Chrono Boost)  
  151  10:42  Templar Archives  
  151  10:47  Immortal (Chrono Boost)  
  155  10:53  Pylon  
  154  10:57  Observer  
  154  11:01  Photon Cannon  
  154  11:02  Photon Cannon  
  154  11:04  Zealot x4  
  154  11:05  Zealot x4  
  170  11:20  Nexus  
  170  11:23  Pylon  
  170  11:27  Zealot  
  170  11:31  Pylon  
  170  11:32  Pylon  
  172  11:34  Pylon  
  172  11:43  Zealot  
  172  11:47  Fleet Beacon  
  174  11:50  Pylon  
  174  11:56  Zealot x4  
  180  12:07  Protoss Shields Level 1 (Chrono Boost)  
  164  12:17  Probe x3  
  164  12:19  Photon Cannon  
  164  12:20  Photon Cannon  
  157  12:25  Zealot x2  
  157  12:29  Probe  
  144  12:44  Templar Archives  
  144  12:47  Probe  
  144  12:48  Probe x2  
  144  12:49  Probe  
  144  12:59  Immortal x2 (Chrono Boost)  
  150  13:11  Pylon  
  156  13:33  High Templar  
  156  13:34  High Templar x6  
  156  13:35  High Templar  
  156  13:38  Observer  
  156  13:39  Archon  
  156  13:40  Archon x3  
  158  13:45  Psionic Storm  
  150  14:02  Mothership (Chrono Boost)  
  166  14:12  Stargate  
  166  14:13  Stargate, High Templar x4  
  166  14:14  High Templar  
  168  14:19  Nexus  
  168  14:20  Pylon  
  168  14:21  Protoss Air Weapons Level 1 (Chrono Boost)  
  168  14:27  Zealot x3  
  174  14:36  Nexus  
  174  14:47  Protoss Shields Level 2 (Chrono Boost)  
  174  14:56  Stalker x2  
  174  14:57  Stalker x2  
  182  15:00  Observer  
  194  15:18  Carrier (Chrono Boost)  
  194  15:26  Archon  
  194  15:29  Carrier (Chrono Boost)  
  194  15:31  Carrier (Chrono Boost)  
  194  15:32  Assimilator  
  200  15:36  Assimilator  
  200  15:48  Photon Cannon  
  200  15:51  Photon Cannon  
  200  16:15  High Templar x2  
  171  16:47  Stalker x4  
  171  16:48  Stalker x4  
  181  17:06  Observer (Chrono Boost)  
  167  17:14  Observer (Chrono Boost)  
  167  17:15  Zealot x2, High Templar x4  
  167  17:16  Zealot  
  167  17:17  Observer  
  171  17:34  Oracle (Chrono Boost)  
  171  17:36  Archon  
  171  17:37  Archon  
  174  17:41  Zealot x3  
  180  17:48  Zealot x4  
  164  18:21  Zealot x2  
  164  18:22  Zealot x5  
  172  18:43  Stalker x6  
  172  18:44  Stalker  

Tags
 
Add a new tag
Caveats
  • Supply blocks, unpowered buildings, or Contaminate may cause inaccurate times.
  • Supply counts are checked every 10 seconds.